 Dungeon Crawl Stone Soup version 0.32-a0-131-g9dbbe29261 (webtiles) character file.

Game seed: 12183790748819994700

121 Dittersdorf the Trooper (level 5, -1/33 HPs)
             Began as a Gargoyle Fighter on Feb 8, 2024.
             Slain by Robin
             ... wielding a +2 mace of protection
              (5 damage)
             ... on level 2 of the Dungeon.
             The game lasted 00:01:30 (1566 turns).

Dittersdorf the Trooper (Gargoyle Fighter)          Turns: 1566, Time: 00:01:31

Health: -1/33      AC: 11    Str: 21    XL:     5   Next: 5%
Magic:  5/5        EV:  9    Int:  9    God:
Gold:   135        SH:  4    Dex:  9    Spells: 4/4 levels left

rFire   . . .        a - +0 flail
rCold   . . .        c - +0 buckler
rNeg    + . .        b - +0 scale mail
rPois   ∞            (no helmet)
rElec   +            (no cloak)
rCorr   .            (no gloves)
SInv    .            (no boots)
Will    .....        g - amulet of regeneration Stlth
                     (no ring)
HPRegen 1.05/turn    (no ring)
MPRegen 0.09/turn

%: no passive effects
@: no status effects
A: sickness immunity, AC +4, negative energy resistance 1, electricity
resistance, torment resistance 1, petrification resistance
a: no special abilities


You were on level 2 of the Dungeon.
You visited 1 branch of the dungeon, and saw 3 of its levels.

You collected 135 gold pieces.

Inventory:

Hand Weapons
 a - a +0 flail (weapon)
Armour
 b - a +0 scale mail (worn)
 c - a +0 buckler (worn)
Jewellery
 g - an amulet of regeneration (around neck)
 m - an amulet of guardian spirit
Wands
 j - a wand of flame (5)
Scrolls
 e - a scroll of noise {unknown}
 h - a scroll of silence {unknown}
 i - a scroll of identify {unknown}
 k - a scroll of revelation {unknown}
 l - a scroll of teleportation {unknown}
Potions
 d - a potion of might
 f - a potion of degeneration {unknown}


   Skills:
 + Level 4.2 Fighting
 + Level 3.0 Maces & Flails
 + Level 4.1 Armour
 + Level 4.1 Shields


You had 4 spell levels left.
You didn't know any spells.
Your spell library was empty.

Dungeon Overview and Level Annotations

Branches:
Dungeon (3/15)

Altars:
Hepliaklqana

Annotations:
D:2 Robin


Innate Abilities, Weirdness & Mutations

You are immune to sickness and miasma.
Your stone body is resilient. (AC +4)
You are immune to poison.
You resist negative energy. (rN+)
You are resistant to electric shocks. (rElec)
You are resistant to unholy torment.
You are immune to petrification.


Message History

The goblin no longer looks unusually strong.
The hobgoblin hits you.
* * * LOW HITPOINT WARNING * * *
Robin roars a battlecry!
The goblin goes into a battle-frenzy!
You hit Robin.
Robin is lightly wounded.
The goblin no longer looks unusually strong.
The hobgoblin barely misses you.
Robin hits you with a +2 mace of protection.
* * * LOW HITPOINT WARNING * * *
You hit Robin.
Robin is moderately wounded.
The hobgoblin no longer looks unusually strong.
The hobgoblin barely misses you. Robin hits you but does no damage.
You barely miss Robin.
Robin is moderately wounded.
The hobgoblin barely misses you.
Robin roars a battlecry!
The goblins go into a battle-frenzy!
The hobgoblin hits you.
* * * LOW HITPOINT WARNING * * *
You block Robin's attack.
You barely miss the hobgoblin. The hobgoblin hits you.
* * * LOW HITPOINT WARNING * * *
Robin misses you.
You hit the hobgoblin.
The hobgoblin is heavily wounded.
The hobgoblin hits you but does no damage.
Robin says, "Bow before me, strongest of all the hobgoblins!"
Robin hits you with a +2 mace of protection.
* * * LOW HITPOINT WARNING * * *
You sock the hobgoblin!
You kill the hobgoblin!
Robin hits you with a +2 mace of protection.
* * * LOW HITPOINT WARNING * * *
The goblin hits you but does no damage.
Robin hits you with a +2 mace of protection.
You die...
Robin lets out a smug laugh.

#....##......##......##.#.
####....####.########...##.#.
##......#####.#.............#.
#..........##....####......###
####..........................#..
#.............##.#.#####......#..
#.....#.##.....gg#[# #......#.#
#.._..#.###.####g#.#####......#.#
#.......# #.# #@#.##........##..
#.....#####.####g#...........##..
####.## #..#...g.......##.####..
#.# #.##.##.##.#.........#.# #.#
#.##.#<..#.#.........#.. #.#
#.##.##.##.#.........#..
#.#####........#.####...>.....
#.#........###...# #......#..
#.#........# ###.#########.#.#


You could see Robin, a hobgoblin (strong) and 3 goblins.

Vanquished Creatures
  Jessica (D:2)
  4 gnolls (D:2)
  An adder (D:2)
  2 dart slugs
  5 bats
  6 endoplasms
  2 giant cockroaches
  3 goblins
  3 hobgoblins (D:2)
  3 jackals (D:1)
  A quokka (D:2)
  A ball python (D:1)
  2 frilled lizards
  4 kobolds (D:1)
  8 rats
46 creatures vanquished.

Notes
Turn   | Place    | Note
-------+----------+-------------------------------------------
     0 | D:1      | Dittersdorf the Gargoyle Fighter began the quest for the
                  | Orb.
     0 | D:1      | Reached XP level 1. HP: 14/14 MP: 1/1
    56 | D:1      | Found a faded altar of an unknown god.
   110 | D:1      | Reached XP level 2. HP: 19/19 MP: 2/2
   479 | D:1      | Reached XP level 3. HP: 23/23 MP: 3/3
   583 | D:2      | Noticed Jessica
   589 | D:2      | Killed Jessica
   826 | D:2      | Reached XP level 4. HP: 29/29 MP: 4/4
  1027 | D:2      | Reached XP level 5. HP: 30/33 MP: 5/5
  1247 | D:2      | Found a hazy altar of Hepliaklqana.
  1539 | D:3      | Noticed Robin
  1566 | D:2      | Slain by Robin

Illustrated notes

Levels and vault maps discovered:
D:1:      minmay_arrival_five_plusses, layout_basic,
          shapermc_ecumenical_altar_mp_ritualfount, nrook_mini_vaults,
          hangedman_abyss_or_decor_stabs, hangedman_decor_growths,
          minmay_misc_feat_roman, nicolae_figureground_pulse
D:2:      minmay_recursive_quarters, layout_basic, basic_altar, uniq_jessica
D:3:      layout_loops_cross, uniq_crazy_yiuf_cottage, uniq_robin

Skill      XL: |  1  2  3  4 |
---------------+-------------+-----
Fighting       | 4 |  4.2
Shields        | 4 |  4.1
Armour         | 4 |  4.1
Maces & Flails | 3 |  3.0

Action                     |  1- 3 |  4- 6 || total
---------------------------+-------+-------++-------
  Melee: Flail             |    90 |   104 ||   194
 Armour: Scale mail        |    79 |   103 ||   182
  Dodge: Dodged            |    43 |    71 ||   114
  Block: Buckler           |    26 |    36 ||    62

Table legend: (Time is in decaauts)
 A = Elapsed time spent in this place.
 B = Non-inter-level travel time spent in this place.
 C = Inter-level travel time spent in this place.
 D = Time resting spent in this place.
 E = Time spent auto-exploring this place.
 F = Levels seen in this place.
 G = Mean time per level.
                   A        B        C        D        E       F      G
               +--------+--------+--------+--------+--------+-----+--------+
         Total |   1627 |   1569 |     58 |      3 |   1189 |   3 |  542.3 |
       Dungeon |   1627 |   1569 |     58 |      3 |   1189 |   3 |  542.3 |
               +--------+--------+--------+--------+--------+-----+--------+

Top non-repeatable levels by time:
     D:2: 993 daAuts
     D:1: 630 daAuts
     D:3: 3 daAuts
